 Dungeon Crawl Stone Soup version 0.28.0-45-g0d030f2227 (webtiles) character file.

Game seed: 14756459293071973050

4627 101zpm the Thaumaturge (level 10, -4/60 HPs)
             Began as a Djinni Ice Elementalist on Apr 16, 2022.
             Slain by a basilisk (10 damage)
             ... on level 9 of the Dungeon.
             The game lasted 00:36:24 (12907 turns).

101zpm the Thaumaturge (Djinni Ice Elementalist)   Turns: 12907, Time: 00:36:24

Health: -4/60      AC: 16    Str:  7    XL:     10   Next: 70%
Gold:   331        EV: 13    Int: 21    God:
                   SH:  0    Dex: 16

rFire   + + .      SeeInvis .   (no weapon)
rCold   x . .      Faith    .   (no shield)
rNeg    . . .      Spirit   .   r - +0 steam dragon scales
rPois   ∞          Reflect  .   (no helmet)
rElec   .          Harm     .   y - +0 cloak of Yredelemnul's Approval {Dex+2}
rCorr   .          Rampage  .   a - +0 pair of gloves
Will    +....                   (boots unavailable)
Stlth   ++........              (no amulet)
HPRegen 0.20/turn               (no ring)
MPRegen 0.00/turn               (no ring)

@: ice-armoured, flying
A: sickness immunity, fire resistance 2, cold vulnerability 1, float, innate
caster, HP casting, extra vitality 1
a: no special abilities


You were on level 9 of the Dungeon.
You visited 2 branches of the dungeon, and saw 10 of its levels.

You collected 331 gold pieces.

Inventory:

Hand Weapons
 o - a +0 hunting sling
Missiles
 d - 252 stones
 e - 14 bolts
 q - 20 poisoned darts
 A - 16 sling bullets
Armour
 a - a +0 pair of gloves (worn)
 n - a +1 robe of willpower
 r - +0 steam dragon scales (worn)
 y - the +0 cloak of Yredelemnul's Approval (worn) {Dex+2}
   (You found it on level 5 of the Dungeon)

   Dex:       It affects your dexterity (+2).
Jewellery
 G - an amulet of the acrobat
Wands
 j - a wand of flame (17)
 F - a wand of paralysis (10)
 H - a wand of acid (7)
Scrolls
 g - 5 scrolls of teleportation
 i - a scroll of magic mapping
 m - a scroll of amnesia
 p - a scroll of acquirement {unknown}
 s - a scroll of fog {unknown}
 w - a scroll of vulnerability {unknown}
 x - a scroll of enchant weapon {unknown}
 C - 3 scrolls of fear
 I - a scroll of brand weapon {unknown}
Potions
 c - a potion of degeneration {unknown}
 f - 3 potions of brilliance
 h - 2 potions of curing
 l - 2 potions of flight {unknown}
 u - 2 potions of heal wounds {unknown}
 v - a potion of resistance {unknown}
 z - a potion of invisibility {unknown}
 B - a potion of berserk rage {unknown}
 D - a potion of haste {unknown}
 E - a potion of magic {unknown}


   Skills:
 + Level 0.2 Fighting
 + Level 3.5 Dodging
 + Level 3.2 Stealth
 + Level 0.4 Unarmed Combat
 + Level 11.5 Spellcasting


You had 11 spell levels left.
You knew the following spells:

 Your Spells              Type           Power      Damage    Failure   Level
a - Freeze                Ice            100%       1d11      1%          1
b - Frozen Ramparts       Ice            100%       1d12      1%          3
c - Ozocubu's Armour      Ice            57%        N/A       1%          3
d - Hailstorm             Conj/Ice       57%        3d12      1%          4
e - Apportation           Tloc           100%       N/A       1%          1
f - Scorch                Fire           100%       2d10      1%          2
g - Confusing Touch       Hex            57%        N/A       1%          3
h - Cause Fear            Hex            28%        N/A       1%          4
Your spell library was empty.

Dungeon Overview and Level Annotations

Branches:
Dungeon (9/15)             Temple (1/1) D:6
   Lair: D:8-11         Orc: D:9-12

Altars:
Ashenzari
Cheibriados
Dithmenos
Elyvilon
Fedhas
Gozag
Hepliaklqana
Kikubaaqudgha
Makhleb
Nemelex Xobeh
Okawaru
Qazlal
Ru
Sif Muna
Trog
Uskayaw
Vehumet
Wu Jian
Xom
Yredelemnul
Zin
The Shining One

Shops:
D:1 !


Innate Abilities, Weirdness & Mutations

You are immune to sickness and miasma.
You are immune to poison.
Your flesh is very heat resistant. (rF++)
You are vulnerable to cold. (rC-)
You float through the air rather than walking.
You learn spells naturally, not from books.
Your magical power is your life essence.
You have superior vitality. (+4 MHP)


Message History

Flames lash the yak.
The yak is lightly wounded.
The yak's fire resistance burns away.
* * * LOW HITPOINT WARNING * * *
The wall freezes the wyvern.
A basilisk comes into view.
The wall freezes the wyvern.
The wyvern bites you.
* * * LOW HITPOINT WARNING * * *
The wall freezes the wyvern.
The wyvern barely misses you.
Casting: Scorch (safe; 1% risk of failure)
Confirm with . or Enter, or press ? or * to list all spells.
Flames lash the yak.
The yak is burned terribly!
The yak is severely wounded.
* * * LOW HITPOINT WARNING * * *
The wall freezes the wyvern.
The wyvern closely misses you.
The wall freezes the wyvern!
The wyvern barely misses you.
The wall freezes the yak.
The wall freezes the wyvern!
You kill the wyvern!
Casting: Scorch (safe; 1% risk of failure)
Confirm with . or Enter, or press ? or * to list all spells.
Flames lash the wyvern.
You kill the wyvern!
* * * LOW HITPOINT WARNING * * *
Casting: Scorch (safe; 1% risk of failure)
Confirm with . or Enter, or press ? or * to list all spells.
Flames lash the basilisk.
The basilisk is lightly wounded.
The basilisk's fire resistance burns away.
* * * LOW HITPOINT WARNING * * *
The wall freezes the yak.
The yak gores you but does no damage.
The wolf pauses to sniff the ground.
The wall freezes the basilisk!
The wall freezes the yak!
You kill the yak!
The basilisk is no longer more vulnerable to fire.
The wall freezes the basilisk!
The basilisk seems to slow down.
The frozen ramparts melt away.
The basilisk closely misses you.
You feel better. The iguana bites you.
* * * LOW HITPOINT WARNING * * *
The basilisk bites you!
You die...

.# .# #..# ##.##.
.#o.##..# ....< ... ...#
#...# ## #.. #..# #...#
...#o.##..# #...# .
.....#.!#######...#####
..o#...#..##.†...........
.......#@................
.....)†ll###.............
..###..### ######...#####
...#. #...# ##. ## #...#
.. #...# .. #...# . ##.##
##########.#


You could see a basilisk (slow) and an iguana.

Vanquished Creatures
  A troll (D:7)
  Prince Ribbit (D:8)
  3 wyverns (D:9)
  5 yaks
  2 steam dragons
  A water moccasin (D:9)
  2 orc warriors
  A hornet zombie (D:7)
  A sky beast (D:8)
  An ogre (D:7)
  3 wolves (D:9)
  A centaur (D:8)
  A phantom (D:7)
  2 kobold brigands (D:8)
  2 bullfrogs
  3 scorpions
  8 killer bees
  3 howler monkeys (D:8)
  3 hounds
  3 jellies
  2 gnoll shamans
  A centaur skeleton (D:6)
  5 orc priests
  6 orc wizards
  An iguana (D:5)
  A killer bee zombie (D:6)
  A hound zombie (D:5)
  11 gnolls
  5 adders
  A shadow imp (D:7)
  A white imp (D:7)
  2 worms
  3 dart slugs
  30 orcs
  3 ball pythons
  2 endoplasms
  A giant cockroach (D:1)
  6 goblins
  4 hobgoblins
  5 jackals
  3 quokkas
  2 frilled lizards
  10 kobolds
  2 rats (D:3)
155 creatures vanquished.

Vanquished Creatures (others)
  A wizard (D:8)
  6 fungi (D:9)
  17 plants (D:9)
  3 withered plants (D:5)
27 creatures vanquished.

Grand Total: 182 creatures vanquished

Notes
Turn   | Place    | Note
-------+----------+-------------------------------------------
     0 | D:1      | 101zpm the Djinni Ice Elementalist began the quest for the
                  | Orb.
     0 | D:1      | Reached XP level 1. HP: 15/15 MP: 0/0
    42 | D:2      | Reached XP level 2. HP: 7/21 MP: 0/0
   537 | D:3      | Found a snail-covered altar of Cheibriados.
   567 | D:3      | You are sucked into a shaft and drop 2 floors!
   567 | D:5      | Entered Level 5 of the Dungeon
   579 | D:4      | Reached XP level 3. HP: 19/25 MP: 0/0
   579 | D:4      | Learned a level 1 spell: Apportation
   586 | D:4      | Reached skill level 4 in Spellcasting
  1677 | D:4      | Reached XP level 4. HP: 28/31 MP: 0/0
  1704 | D:4      | Noticed a steam dragon
  1986 | D:1      | Found Opuextug's Distillery.
  3394 | D:4      | Killed a steam dragon
  3395 | D:4      | Reached skill level 5 in Spellcasting
  3395 | D:4      | Reached XP level 5. HP: 15/35 MP: 0/0
  3395 | D:4      | Learned a level 2 spell: Scorch
  3395 | D:4      | Reached XP level 6. HP: 17/40 MP: 0/0
  5057 | D:5      | Identified the +0 cloak of Yredelemnul's Approval {Dex+2}
  5172 | D:5      | Reached XP level 7. HP: 37/45 MP: 0/0
  5172 | D:5      | Learned a level 3 spell: Confusing Touch
  6002 | D:6      | Reached skill level 6 in Spellcasting
  6257 | D:6      | Noticed a yak
  6261 | D:6      | Killed a yak
  6406 | D:6      | Found a sand-covered staircase.
  6422 | D:6      | Noticed a yak
  6427 | D:6      | Noticed a yak
  6429 | D:6      | Killed a yak
  6429 | D:6      | Noticed a yak
  6430 | D:6      | Reached skill level 7 in Spellcasting
  6430 | D:6      | Reached XP level 8. HP: 34/50 MP: 0/0
  6437 | D:6      | Killed a yak
  6438 | D:6      | Killed a yak
  6797 | D:6      | Found a staircase to the Ecumenical Temple.
  6881 | D:6      | Reached skill level 8 in Spellcasting
  7499 | D:6      | Reached XP level 9. HP: 47/55 MP: 0/0
  7499 | D:6      | Learned a level 4 spell: Cause Fear
  7723 | D:7      | Noticed a troll
  7827 | D:7      | Killed a troll
  7828 | D:7      | Reached skill level 9 in Spellcasting
  9779 | D:8      | Noticed Prince Ribbit
  9783 | D:8      | Killed Prince Ribbit
  9784 | D:8      | Reached skill level 10 in Spellcasting
 10362 | D:8      | Reached XP level 10. HP: 22/60 MP: 0/0
 12379 | D:8      | Found a bloodstained altar of Trog.
 12380 | D:8      | Noticed a wizard
 12385 | D:8      | Killed a wizard
 12453 | Temple   | Entered the Ecumenical Temple
 12855 | D:9      | Reached skill level 11 in Spellcasting
 12907 | D:9      | Slain by a basilisk

Illustrated notes

Levels and vault maps discovered:
D:1:      roderic_dead_forest, layout_loops_ring, serial_shops,
          nicolae_shop_hallway_stairs
D:2:      layout_basic
D:3:      layout_rooms, lemuel_round_altar
D:4:      layout_basic
D:5:      layout_gridville, kiku_gazebo_garden_becter
D:6:      layout_rooms, minmay_temple_entry_mist,
          nicolae_ossuary_entry_false_entrances
D:7:      layout_rooms
D:8:      layout_loops_ring, trog_wizard, uniq_prince_ribbit1
D:9:      layout_loops_cross, minmay_lair_entry_grove, orc_0_dummy, special_room
          [special_room_kobold]
Temple:   mainiacjoe_temple_bowtie_tessellation

Skill      XL: |  1  2  3  4  5  6  7  8  9 10 |
---------------+-------------------------------+-----
Spellcasting   | 4 5 7 8 10 11 | 11.5
Stealth        | 2 3 |  3.2
Dodging        | 3 |  3.5
Fighting       | |  0.2
Unarmed Combat | |  0.4

Action                   |  1- 3 |  4- 6 |  7- 9 | 10-12 || total
-------------------------+-------+-------+-------+-------++-------
Melee: Unarmed           |       |     9 |     1 |       ||    10
 Cast: Freeze            |    38 |    37 |     1 |     3 ||    79
       Frozen Ramparts   |     2 |     9 |    28 |    18 ||    57
       Ozocubu's Armour  |     2 |     7 |    13 |     6 ||    28
       Hailstorm         |       |     2 |       |       ||     2
       Scorch            |       |    13 |   100 |    49 ||   162
       Confusing Touch   |       |       |     6 |     1 ||     7
       Cause Fear        |       |       |    35 |    19 ||    54
       Apportation       |       |       |       |     1 ||     1
  Use: Scroll            |       |     4 |       |     3 ||     7
       Potion            |       |       |       |     1 ||     1
Armor: Robe              |     6 |    13 |       |       ||    19
       Steam dragon scal |       |       |    16 |     6 ||    22
Dodge: Dodged            |    18 |    34 |    29 |    23 ||   104
